 Dungeon Crawl Stone Soup version 0.17-a0-1210-g1e4f09d (webtiles) character file.

1689 patman the Skirmisher (level 8, -2/73 HPs)
             Began as a Centaur Chaos Knight on June 3, 2015.
             Slain by a wyvern (14 damage)
             ... on level 7 of the Dungeon.
             The game lasted 00:20:44 (6134 turns).

patman the Skirmisher (Centaur Chaos Knight)        Turns: 6134, Time: 00:20:44

Health: -2/73      AC: 12    Str: 15    XL:     8   Next: 71%
Magic:  8/8        EV: 11    Int: 11    God:    Xom [*.....]
Gold:   431        SH:  0    Dex: 11    Spells: 0 memorised, 7 levels left

rFire  + . .     SeeInvis .     G - +2 spear (pierce)
rCold  . . .     Clarity  .     b - +2 leather armour
rNeg   . . .     SustAt   .     (no shield)
rPois  +         Gourm    .     (helmet restricted)
rElec  .         Spirit   .     t - +1 cloak
rCorr  .         Warding  .     (no gloves)
rMut   +         Stasis   .     (no barding)
MR     .....                    E - amulet of resist mutation
Stlth  +.........               w - ring of protection from fire
                                j - ring of poison resistance

@: very quick, not resistant to hostile enchantments, very unstealthy
A: antennae 1, claws 1, hooves 3, slimy green scales 1, yellow scales 1, blurry
vision 1, deformed body, speed 2, screaming 1, tough skin 3, wild magic 1
a: Renounce Religion


You were on level 7 of the Dungeon.
You worshipped Xom.
You were a special plaything of Xom.
You were not hungry.

You visited 1 branch of the dungeon, and saw 6 of its levels.

You collected 461 gold pieces.
You spent 30 gold pieces at shops.

Inventory:

Hand weapons
 a - a +0 spear of chaos
 d - a +2 dagger of draining
 o - a +0 rapier of freezing
 G - a +2 spear of piercing (weapon)
Missiles
 q - a throwing net (quivered)
Armour
 b - a +2 leather armour (worn)
 t - a +1 cloak (worn)
 I - a +0 plate armour
Jewellery
 j - a ring of poison resistance (left claw)
 w - a ring of protection from fire (right claw)
 C - an uncursed ring of magical power
 E - an amulet of resist mutation (around neck)
Magical devices
 n - a wand of digging (15)
 z - a wand of fire (9)
Scrolls
 e - a scroll of remove curse {unknown}
 h - a scroll of fog {unknown}
 l - 2 scrolls of teleportation
 p - a scroll of magic mapping {unknown}
 v - a scroll of enchant weapon {unknown}
 y - a scroll of enchant armour {unknown}
 A - a scroll of recharging
 B - a scroll of random uselessness {unknown}
 D - 2 scrolls of blinking {unknown}
 F - a scroll of amnesia {unknown}
Potions
 g - 2 potions of flight
 i - 2 potions of heal wounds
 m - a potion of experience
 r - a potion of invisibility
 s - a potion of ambrosia
 x - a potion of cancellation
 K - 2 potions of resistance {unknown}
Books
 k - a book of the Tempests

   Spells                             Type                      Level
   a - Static Discharge               Conjuration/Air              3
   b - Lightning Bolt                 Conjuration/Air              5
   c - Fireball                       Conjuration/Fire             5
   d - Tornado                        Air                          9
   e - Shatter                        Earth                        9
 u - a book of Air

   Spells                             Type                      Level
   a - Shock                          Conjuration/Air              1
   b - Swiftness                      Charms/Air                   2
   c - Repel Missiles                 Charms/Air                   2
   d - Static Discharge               Conjuration/Air              3
   e - Lightning Bolt                 Conjuration/Air              5
Comestibles
 c - 6 bread rations
 f - 6 fruits
 H - a chunk of flesh


   Skills:
 * Level 7.2 Fighting
 - Level 6.1 Polearms
 - Level 1.3 Armour
 * Level 5.1 Dodging


You had 7 spell levels left.
You didn't know any spells.

Dungeon Overview and Level Annotations

Branches:
Dungeon (7/15)             Temple (0/1) D:5

Altars:
Fedhas
Kikubaaqudgha
Makhleb
Okawaru
Qazlal
Trog
Vehumet
Yredelemnul

Shops:
D:5 ![(


Innate Abilities, Weirdness & Mutations

You have hooves in place of feet.
Armour fits poorly on your strangely shaped body.
You cover ground very quickly.
You have extremely tough skin (AC +3).
You have a pair of small antennae on your head.
You have sharp fingernails.
You are partially covered in slimy green scales (AC +2).
You are partially covered in yellow scales (AC +2).
Scrolls take you a little longer to read.
You occasionally shout uncontrollably at your foes.
Your spells are a little harder to cast, but a little more powerful.


Message History

The orc dies!
The wyvern bites you.
You hit the wyvern but do no damage. Your kick misses the wyvern.
The wyvern is moderately wounded. "Over there now!"
The orc blinks!
The wyvern bites you.
Your dagger hits the wyvern!
Unknown command.
You barely miss the wyvern. Your kick misses the wyvern.
The wyvern is severely wounded.
The wyvern bites you!
Your dagger hits the wyvern.
Unknown command.
You hit the wyvern but do no damage.
The wyvern is almost dead.
The wyvern bites you!
* * * LOW HITPOINT WARNING * * *
Your dagger completely misses the wyvern.
Unknown command.
The wyvern bites you!
You die... "Huh?
Did I miss anything?"

.#.#.#.....##..##.....##..#.....
........#..##..+......+...'.....
#.#.#.#.##+##..##.....##..#.....
........#. #..####+####..#.....
.#.#.#.#.. ... ........#.....
....[..... .........+.....
#.#.#.#.#.+###+# #..#######.....
. ......[..#.###..#.........#+
#.#.#.#..§(l@....+.........#.
.........)#......#.........+.
.#.#.#....#......#.........#.
........(.#......#......†..#.
#.#.#.[†..#..##.##.........##
........#..##.#.....###'###
#.#......+.....'....)'......
....+.....#.....#.....#..5...
#.#.#.....#+##+##.....####'##


You could see a wyvern and a friendly dagger.

Vanquished Creatures
  Eustachio (D:6)
  A swamp drake (D:6)
  A sky beast (D:6)
  An ice beast (D:7)
  2 ogres
  A big kobold (D:7)
  A giant frog (D:6)
  2 hounds
  3 crimson imps
  5 orc priests
  An orc wizard (D:6)
  Jessica (D:3)
  3 worker ants
  A hound zombie (D:6)
  3 gnolls
  8 adders
  2 shadow imps (D:6)
  An adder zombie (D:5)
  2 worms (D:2)
  3 giant geckos
  23 orcs
  10 bats
  A bat zombie (D:6)
  4 giant cockroaches
  6 hobgoblins
  7 jackals
  21 kobolds
  A quokka (D:3)
  A giant gecko skeleton (D:5)
  3 giant newts
  8 goblins
  16 rats
144 creatures vanquished.

Vanquished Creatures (collateral kills)
  A hungry ghost (D:7)
  An orc warrior (D:7)
  A giant frog (D:6)
  A crimson imp (D:5)
  Crazy Yiuf (D:2)
  4 orcs
9 creatures vanquished.

Vanquished Creatures (others)
  A jelly (D:6)
  A centaur skeleton (D:5)
  A bat (D:6)
  A giant newt (D:6)
4 creatures vanquished.

Grand Total: 157 creatures vanquished

Notes
Turn   | Place    | Note
--------------------------------------------------------------
     0 | D:1      | patman the Centaur Chaos Knight began the quest for the Orb.
     0 | D:1      | Reached XP level 1. HP: 19/19 MP: 1/1
    90 | D:1      | XOM: harmless Ice miscast
   433 | D:1      | XOM: butterfly on damage
   434 | D:1      | Reached XP level 2. HP: 15/26 MP: 2/2
  1007 | D:2      | Found a bloodstained altar of Trog.
  1163 | D:2      | Reached XP level 3. HP: 31/31 MP: 3/3
  1197 | D:2      | XOM: smoke on damage
  1208 | D:2      | Reached skill level 4 in Polearms
  1327 | D:2      | XOM: mild Hex miscast
  1746 | D:2      | Noticed Crazy Yiuf
  1755 | D:2      | XOM: divination: detect creatures
  1772 | D:2      | XOM: summons 3 friendly demons
  1782 | D:2      | Killed Crazy Yiuf
  1782 | D:2      | Reached XP level 4. HP: 38/38 MP: 4/4
  1856 | D:3      | Noticed Jessica
  1859 | D:3      | XOM: polymorph quokka -> rat
  1862 | D:3      | Killed Jessica
  1862 | D:3      | Reached skill level 5 in Polearms
  1887 | D:3      | Found a blossoming altar of Fedhas.
  2128 | D:3      | Reached XP level 5. HP: 45/45 MP: 5/5
  2233 | D:3      | Found an iron altar of Okawaru.
  2292 | D:3      | XOM: god gift: 2 needles of slowing
  2338 | D:3      | You fall through a shaft for 2 floors!
  2338 | D:5      | Entered Level 5 of the Dungeon
  2371 | D:5      | Found Ymmiton's Weapon Shoppe.
  2385 | D:5      | Reached skill level 6 in Polearms
  2388 | D:5      | Found a stormy altar of Qazlal.
  2436 | D:5      | Reached XP level 6. HP: 36/51 MP: 6/6
  2473 | D:5      | Reached skill level 1 in Dodging
  2480 | D:5      | Found Yhyfik's Armour Shoppe.
  2488 | D:5      | Found Jutaogoot's Distillery.
  2504 | D:5      | Bought a potion of curing for 30 gold pieces
  2573 | D:5      | XOM: swap monsters
  2817 | D:5      | Found a staircase to the Ecumenical Temple.
  2851 | D:5      | XOM: mild Chrm miscast
  2856 | D:5      | Found a burning altar of Makhleb.
  2857 | D:5      | Found a radiant altar of Vehumet.
  2911 | D:5      | XOM: summons 6 friendly demons
  3007 | D:6      | Found a basalt altar of Yredelemnul.
  3035 | D:6      | XOM: silly message
  3036 | D:6      | XOM: noise
  3042 | D:6      | Reached XP level 7. HP: 45/59 MP: 7/7
  3182 | D:6      | XOM: mild Chrm miscast
  3207 | D:6      | XOM: mild Air miscast
  3391 | D:6      | XOM: give mutation
  3391 | D:6      | Gained mutation: Your mind is acute. (Int +2) [Xom's mischief]
  3510 | D:6      | XOM: silly message
  3560 | D:6      | Noticed Eustachio
  3560 | D:6      | XOM: harmless Chrm miscast
  3572 | D:6      | XOM: silly message
  3576 | D:6      | XOM: 2-stop teleportation journey
  3585 | D:6      | Killed Eustachio
  3585 | D:6      | Reached skill level 5 in Fighting
  4076 | D:6      | Noticed Edmund
  4077 | D:6      | XOM: silly message
  4083 | D:6      | XOM: summons friendly quasit
  4113 | D:6      | Noticed Edmund
  4113 | D:6      | Edmund changed into Edmund the giant frog
  4115 | D:6      | Killed Edmund the giant frog
  4388 | D:6      | XOM: confusion
  4393 | D:6      | XOM: enchant monster (good)
  4399 | D:6      | XOM: polymorph orc -> adder
  4448 | D:6      | XOM: summons 3 hostile demons
  4449 | D:6      | Noticed a ynoxinul
  4506 | D:6      | Reached XP level 8. HP: 57/70 MP: 8/8
  4517 | D:6      | XOM: summons 5 hostile shadow creatures
  4522 | D:6      | XOM: polymorph orc wizard -> swamp drake
  4650 | D:5      | XOM: give mutations
  4650 | D:5      | Gained mutation: You are frail (-10% HP). [Xom's mischief]
  4650 | D:5      | Gained mutation: Your spells are a little harder to cast, but a little more powerful. [Xom's mischief]
  4650 | D:5      | Gained mutation: Scrolls take you a little longer to read. [Xom's mischief]
  4650 | D:5      | Lost mutation: Your mind is acute. (Int +2) [Xom's mischief]
  4820 | D:6      | XOM: confusion
  4822 | D:6      | XOM: torment (27/63 hp)
  4865 | D:6      | XOM: give mutations
  4865 | D:6      | Lost mutation: Scrolls take you a little longer to read. [Xom's mischief]
  4865 | D:6      | Gained mutation: You have sharp fingernails. [Xom's mischief]
  4865 | D:6      | Lost mutation: You are frail (-10% HP). [Xom's mischief]
  4865 | D:6      | Gained mutation: You occasionally shout uncontrollably at your foes. [Xom's mischief]
  4874 | D:6      | XOM: mild Divn miscast
  4911 | D:6      | XOM: give mutation
  4911 | D:6      | Gained mutation: Scrolls take you a little longer to read. [Xom's mischief]
  4976 | D:6      | XOM: summons 4 hostile demons
  4977 | D:6      | Noticed a blue devil
  4977 | D:6      | Noticed a hellwing
  5306 | D:6      | Found an ancient bone altar of Kikubaaqudgha.
  5340 | D:6      | XOM: destruction
  5377 | D:7      | XOM: give mutations
  5377 | D:7      | Gained mutation: You are partially covered in yellow scales (AC +2). [Xom's grace]
  5377 | D:7      | Gained mutation: You are partially covered in slimy green scales (AC +2). [Xom's grace]
  5377 | D:7      | Gained mutation: You have a pair of small antennae on your head. [Xom's grace]
  5792 | D:7      | XOM: god gift: leatherbound book {god gift}
  5923 | D:7      | XOM: fog
  5938 | D:7      | XOM: summons 2 friendly demons
  6040 | D:7      | XOM: summons 8 friendly demons
  6047 | D:7      | Reached skill level 7 in Fighting
  6047 | D:7      | Reached skill level 5 in Dodging
  6131 | D:7      | XOM: blink monster(s)
  6134 | D:7      | Slain by a wyvern

Vault maps used:
D:1:      lightli_arrival_flooded_house, minmay_splitting_lines
D:2:      bloody_trog, uniq_crazy_yiuf_cottage
D:3:      lemuel_doored_altar, okawaru_altar_gauntlet_db, uniq_jessica
D:5:      grunt_temple_overflow_lords_of_destruction, old_standard_altar,
          minmay_temple_entry_fiery, serial_shops, shop, shop, shop, first_bread
D:6:      lemuel_coloured_pillars_altar, yredelemnul_altar_generic, uniq_edmund,
          uniq_eustachio
D:7:      the_bakery, hex_large, uniq_prince_ribbit1

Action                   |  1- 3 |  4- 6 |  7- 9 || total
-------------------------+-------+-------+-------++-------
Melee: Spear             |   133 |   261 |   330 ||   724
Evoke: Wand              |       |     1 |       ||     1
  Use: Scroll            |       |       |     8 ||     8
       Potion            |       |       |     3 ||     3
 Stab: Confused          |       |     1 |     1 ||     2
       Paralysed         |       |     3 |       ||     3
       Distracted        |       |     1 |       ||     1
       Petrifying        |       |     1 |       ||     1
       Petrified         |       |       |     2 ||     2
  Eat: Chunk             |     2 |     2 |     3 ||     7
       Beef jerky        |       |     1 |       ||     1
       Meat ration       |       |       |     1 ||     1
       Fruit             |       |       |     1 ||     1
